 Dungeon Crawl Stone Soup version 0.31-a0-95-g6fa058ef04 (webtiles) character file.

Game seed: 7152240391485822361

9 Mammute the Conjurer (level 1, -1/14 HPs)
             Began as a Demigod Conjurer on May 25, 2023.
             Frozen to death by an endoplasm (2 damage)
             ... on level 1 of the Dungeon.
             The game lasted 00:09:25 (363 turns).

Mammute the Conjurer (Demigod Conjurer)              Turns: 363, Time: 00:09:26

Health: -1/14      AC:  2    Str:  8    XL:     1   Next: 93%
Magic:  5/5        EV: 12    Int: 20    God:
Gold:   10         SH:  0    Dex: 12    Spells: 2/3 levels left

rFire   . . .        e - +0 short sword
rCold   . . .        (no shield)
rNeg    . . .        a - +0 robe
rPois   .            (no helmet)
rElec   .            (no cloak)
rCorr   .            (no gloves)
SInv    .            (no boots)
Will    .....        (no amulet)
Stlth   ++           (no ring)
HPRegen 0.22/turn    (no ring)
MPRegen 0.09/turn

%: no passive effects
@: no status effects
A: high MP 1, forlorn, divine attributes
a: no special abilities


You were on level 1 of the Dungeon.
You visited 1 branch of the dungeon, and saw 2 of its levels.

You collected 10 gold pieces.

Inventory:

Hand Weapons
 c - a +0 club
 e - a +0 short sword (weapon)
Armour
 a - a +0 robe (worn)
Scrolls
 d - a scroll of magic mapping
 f - 2 scrolls of butterflies {unknown}
Potions
 b - a potion of magic


   Skills:
 + Level 0.3 Short Blades
 + Level 1.7 Dodging
 + Level 1.7 Stealth
 + Level 1.8 Spellcasting
 + Level 3.9 Conjurations


You had 2 spell levels left.
You knew the following spells:

 Your Spells              Type           Power      Damage    Failure   Level
a - Magic Dart            Conj           68%        1d6       3%          1

Your spell library contained the following spells:

 Spells                   Type           Power      Damage    Failure   Level
 Searing Ray              Conj           34%        2d5       4%          2
 Dazzling Flash           Conj/Hex       16%        N/A       24%         3
 Fulminant Prism          Conj/Hex       4%         3d5       61%         4
 Iskenderun's Mystic Bla  Conj/Tloc      8%         2d4       61%         4


Dungeon Overview and Level Annotations

Branches:
Dungeon (2/15)


Innate Abilities, Weirdness & Mutations

You have an increased reservoir of magic. (+10% MP)
You shall have no god before yourself.
Your divine heritage dramatically boosts your attributes as you level up.


Message History

You barely miss the endoplasm.
The endoplasm is heavily wounded.
The endoplasm barely misses you.
You bump into the rock wall.
The endoplasm closely misses you.
You're too confused to move!
The endoplasm freezes you.
You are frozen.
You bump into the rock wall.
You feel less invigorated.
You feel less confused. The endoplasm freezes you.
You are frozen.
You barely miss the endoplasm.
The endoplasm is heavily wounded.
The endoplasm freezes you.
You are frozen.
You hit the endoplasm but do no damage.
The endoplasm is heavily wounded.
The endoplasm hits you but does no damage.
You hit the endoplasm.
The endoplasm is severely wounded.
The endoplasm freezes you.
You are frozen.
You barely miss the endoplasm.
The endoplasm is severely wounded.
The endoplasm hits you but does no damage.
You hit the endoplasm.
You kill the endoplasm!
As you read the scroll labelled GAHODAE JEPE, it crumbles to dust.
You feel aware of your surroundings.
It was a scroll of magic mapping.
The endoplasm barely misses you.
You hit the endoplasm.
The endoplasm is moderately wounded.
The endoplasm freezes you.
You are frozen.
* * * LOW HITPOINT WARNING * * *
You hit the endoplasm but do no damage.
The endoplasm is moderately wounded.
The endoplasm freezes you.
You are frozen.
You die...

.####
*,,,,,,...$,,*,,,,,,,,,,,
.##.#
*,,,,,,...,,,*,,*********
.##.# ####+###.#*,**,,,*
*,,, .##.#
#......#.#******,*****,**
.##.# #....J.r.#
*,,,,*,,,*,* .##.#
#......#g# *,,*,*,,,*,*
.##.# #......#h#
**,*,,*,,,*,* .##.#
#......#J# *,**,,*,,,,,**
.##.############@#
*,*,,,*,,,,,,,
.##.........# #.#
**,*,,*,,,,,**
.##########.# #.#
*,*,,,*,,,,** .# #.# #.#
*,,,,,*,,,,* .# #.# #.#
****,,*,,,,* .# #.# #.#
**,,,,******
.##########.####.#
*,*,,,*
.................#
**,,*,*
###########.###### *,*,,*


You could see an endoplasm, a jackal, a hobgoblin and a rat.

Vanquished Creatures
  A ball python (D:1)
  A bat (D:1)
  An endoplasm (D:1)
  A goblin (D:1)
  A hobgoblin (D:1)
  A jackal (D:1)
  A kobold (D:1)
7 creatures vanquished.

Notes
Turn   | Place    | Note
-------+----------+-------------------------------------------
     0 | D:1      | Mammute the Demigod Conjurer began the quest for the Orb.
     0 | D:1      | Reached XP level 1. HP: 14/14 MP: 5/5
   363 | D:1      | Frozen to death by an endoplasm

Illustrated notes

Levels and vault maps discovered:
D:1:      saegor_arrival_miasma, layout_basic, minmay_misc_feat_rugged
D:2:      layout_basic, dreamdust_wishing_well

Action                     || total
---------------------------++-------
  Melee: Short sword       ||    47
         Unarmed           ||    12
         Club              ||     7
    Use: Scroll            ||     1
         Potion            ||     1
 Armour: Robe              ||    10
  Dodge: Dodged            ||    49

Table legend: (Time is in decaauts)
 A = Elapsed time spent in this place.
 B = Non-inter-level travel time spent in this place.
 C = Inter-level travel time spent in this place.
 D = Time resting spent in this place.
 E = Time spent auto-exploring this place.
 F = Levels seen in this place.
 G = Mean time per level.
                   A        B        C        D        E       F      G
               +--------+--------+--------+--------+--------+-----+--------+
         Total |    364 |    124 |    240 |      0 |      0 |   2 |  182.0 |
       Dungeon |    364 |    124 |    240 |      0 |      0 |   2 |  182.0 |
               +--------+--------+--------+--------+--------+-----+--------+

Top non-repeatable levels by time:
     D:1: 362 daAuts
     D:2: 1 daAuts
